AoeStats
← John Mayer

Arena

510180451Analyzed
2v2 RM · 4d ago on Sep 29, 2026· 44m 25s· 4 players
Game mode
Random Map
Map size
Medium (4 player)
Population
200
Speed
Normal
Resources
Standard
Victory
Conquest
Starting age
Dark Age
Ending age
Imperial Age
RankedLock teamsTeams togetherTeam positionsShared explorationLock speedFull tech treeHidden civsTurbo modeCheats
Victory
Defeat
🇩🇪 Khmer · Germany
1077
+14
🇩🇪 Persians · Germany
1052
+15
🇪🇸 Ethiopians · Spain
1077
-16
🇪🇸 Bohemians · Spain
1001
-37
Earlos
11:42 Feudal Age
12:56 Horse Collar
15:47 Castle Age
13:44 Double-Bit Axe
14:29 Gold Mining
15:13 Fletching
16:55 Bodkin Arrow
17:14 Crossbowman
19:56 Padded Archer Armor
20:49 Heavy Plow
21:05 Bow Saw
24:01 Wheelbarrow
23:12 Loom
25:29 Leather Archer Armor
29:34 Forging
29:46 Ballistics
30:46 Scale Mail Armor
31:22 Iron Casting
32:15 Stone Mining
38:29 Imperial Age
37:18 Arson
37:51 Chain Mail Armor
40:13 Chemistry
39:49 Plate Mail Armor
40:20 Blast Furnace
41:18 Two-Man Saw
40:03 Elite Shotel Warrior
41:04 Conscription
41:38 Gold Shaft Mining
VeniVidiVici
5:41 Loom
10:15 Feudal Age
11:45 Wheelbarrow
10:58 Double-Bit Axe
11:13 Horse Collar
16:32 Fletching
19:07 Castle Age
18:57 Town Watch
20:39 Bow Saw
20:55 Heavy Plow
22:48 Hand Cart
22:47 Husbandry
22:46 Bodkin Arrow
25:46 Fervor
26:22 Coinage
25:58 Town Patrol
27:17 Scale Barding Armor
29:39 Wagenburg Tactics
34:45 Chemistry
34:06 Ballistics
33:43 Murder Holes
34:00 Masonry
33:55 Padded Archer Armor
36:57 Imperial Age
42:33 Conscription
43:48 Pikeman
44:28 Squires
John Mayer
10:24 Feudal Age
14:06 Castle Age
12:01 Double-Bit Axe
12:27 Horse Collar
13:31 Gold Mining
18:08 Loom
18:28 Heavy Plow
19:21 Bow Saw
20:11 Town Watch
22:40 Scale Barding Armor
23:30 Bloodlines
23:43 Forging
25:54 Chain Barding Armor
26:48 Iron Casting
28:11 Husbandry
30:00 Wheelbarrow
35:19 Imperial Age
34:25 Fletching
34:35 Padded Archer Armor
34:40 Kamandaran
34:55 Town Patrol
35:40 Cavalier
37:03 Plate Barding Armor
37:29 Blast Furnace
36:25 Bodkin Arrow
36:57 Conscription
37:51 Hoardings
37:28 Citadels
38:12 Leather Archer Armor
37:24 Savar
41:04 Chemistry
40:22 Crossbowman
41:08 Thumb Ring
42:01 Ballistics
42:12 Ring Archer Armor
striker6000
11:44 Feudal Age
14:30 Castle Age
12:21 Double-Bit Axe
12:24 Horse Collar
15:22 Bow Saw
16:52 Bloodlines
16:45 Loom
18:14 Stone Mining
21:23 Redemption
26:17 Heavy Plow
31:15 Imperial Age
28:48 Fletching
29:54 Wheelbarrow
29:58 Gold Mining
31:31 Ballistics
31:57 Hand Cart
33:27 Chemistry
32:09 Heavy Scorpion
33:13 Conscription
34:57 Double Crossbow
35:05 Siege Engineers
34:44 Light Cavalry
35:31 Scale Barding Armor
36:34 Chain Barding Armor
36:13 Murder Holes
36:37 Husbandry
38:30 Plate Barding Armor
39:07 Bloodlines
39:49 Hussar
40:56 Forging
41:32 Masonry
42:54 Iron Casting
Connection lost

Rejoining the realm…

Still unreachable

The connection could not be restored.

Session expired

The server has moved on; the page needs a fresh start.